 Dungeon Crawl Stone Soup version 0.22-a0-192-g6ffc940 (webtiles) character file.

186 4thArraOfDagon the Gusty (level 5, -6/24 HPs)
             Began as a Felid Wanderer on Feb 16, 2018.
             Was an Initiate of Cheibriados.
             Mangled by a bullfrog (8 damage)
             ... on level 9 of the Dungeon.
             The game lasted 00:04:24 (682 turns).

4thArraOfDagon the Gusty (Felid Wanderer)            Turns: 682, Time: 00:04:25

Health: -6/24      AC:  1    Str: 10    XL:     5   Next: 38%
Magic:  2/7        EV: 15    Int: 17    God:    Cheibriados [......]
Gold:   107        SH:  0    Dex: 14    Spells: 1/6 levels left
                                        Lives:  0   Deaths: 1

rFire    + . .     SeeInvis +     - Unarmed
rCold    . . .     Gourm    .   (shield unavailable)
rNeg     . . .     Faith    .   (armour unavailable)
rPois    .         Spirit   .   (helmet unavailable)
rElec    .         Reflect  .   (cloak unavailable)
rCorr    .         Harm     .   (gloves unavailable)
MR       .....                  (boots unavailable)
Stlth    +++.......             (no amulet)
HPRegen  0.08/turn              e - ring of protection from fire
MPRegen  0.10/turn              (no ring)

@: slow
A: very small, no armour, no weapons or thrown items, stealth, claws 1, fangs 3,
see invisible, carnivore, speed 1, shaggy fur 1, slow metabolism 1, sharp paws
a: Bend Time, Renounce Religion


You were on level 9 of the Dungeon.
You worshipped Cheibriados.
Cheibriados was noncommittal.
You were not hungry.

You visited 2 branches of the dungeon, and saw 9 of its levels.

You collected 107 gold pieces.

Inventory:

Jewellery
 e - a ring of protection from fire (left paw)
Books
 a - a book of Air

   Spells                             Type                      Level
   a - Shock                          Conjuration/Air              1
   b - Swiftness                      Charms/Air                   2
   c - Static Discharge               Conjuration/Air              3
   d - Airstrike                      Air                          4
   e - Lightning Bolt                 Conjuration/Air              5
 b - the Incunabulum of the Glacier

   Spells                             Type                      Level
   a - Freeze                         Ice                          1
   b - Ozocubu's Armour               Charms/Ice                   3
Comestibles
 d - 3 rations


   Skills:
 - Level 3.0 Fighting
 - Level 2.6 Stealth
 - Level 2.0 Unarmed Combat
 - Level 1.0 Spellcasting
 - Level 2.7 Conjurations
   Level 1.5 Hexes
 * Level 4.7 Air Magic


You had one spell level left.
You knew the following spells:

 Your Spells              Type           Power        Failure   Level  Hunger
a - Shock                 Conj/Air       ##..         4%          1    ##.....
b - Airstrike             Air            ###.......   30%         4    #####..


Dungeon Overview and Level Annotations

Branches:
Dungeon (7/15)             Temple (1/1) D:6

Altars:
Cheibriados
Dithmenos
Sif Muna
The Shining One


Innate Abilities, Weirdness & Mutations

You cannot wear armour.
You are incapable of wielding weapons or throwing items.
Your paws allow you to move quietly. (Stealth)
You have sharp claws.
You have razor-sharp teeth.
You have supernaturally acute eyesight. (SInv)
You are carnivorous and can eat meat at any time.
You cover ground quickly.
You are covered in fur. (AC +1)
You have a slow metabolism.
Your sharp claws are effective at attacking unaware monsters.


Message History

Casting: Shock (safe; 4% risk of failure)
Confirm with . or Enter, or press ? or * to list all spells.
Aiming: Shock (safe; 4% risk of failure)
Press: ? - help, Shift-Dir - straight line The zap hits the bullfrog.
The bullfrog is heavily wounded.
The zap hits the bullfrog.
The bullfrog is severely wounded.
The bullfrog hits you.
* * * LOW HITPOINT WARNING * * *
Casting: Shock (safe; 4% risk of failure)
Confirm with . or Enter, or press ? or * to list all spells.
Aiming: Shock (safe; 4% risk of failure)
Press: ? - help, Shift-Dir - straight line The zap hits the bullfrog.
The bullfrog is severely wounded.
The zap hits the bullfrog.
The bullfrog is almost dead.
The bullfrog hits you!
You die...

### ##..
#...#
##.#.#.##
......[.##
#.#.#...###.#
#...........#
#.#.##.@###.#
# #F## #.#
#.#
#....$....#
####>####.#
#.# #(# #.#


You could see a bullfrog.

Vanquished Creatures
  An ogre (D:4)
  A bullfrog (D:6)
  A bullfrog zombie (D:6)
  A quasit (D:6)
  A bullfrog skeleton (D:6)
  An iguana (D:4)
  An ooze (D:3)
  A leopard gecko (D:3)
  A bat (D:3)
  A giant cockroach (D:5)
  A kobold (D:1)
  A rat (D:3)
12 creatures vanquished.

Notes
Turn   | Place    | Note
-------+----------+-------------------------------------------
     0 | D:1      | 4thArraOfDagon the Felid Wanderer began the quest for the Orb.
     0 | D:1      | 4thArraOfDagon set off with: a book of Air, the Incunabulum of the Glacier, a potion of curing, a ration
     0 | D:1      | Reached XP level 1. HP: 10/10 MP: 3/3
     0 | D:1      | Identified the Incunabulum of the Glacier
     2 | D:1      | Learned a level 1 spell: Shock
   119 | D:3      | Reached skill level 1 in Conjurations
   119 | D:3      | Reached XP level 2. HP: 2/14 MP: 0/4
   183 | D:4      | Found a deep blue altar of Sif Muna.
   183 | D:4      | Noticed a phantom
   219 | D:4      | Reached skill level 2 in Air Magic
   219 | D:4      | Reached XP level 3. HP: 7/17 MP: 1/5
   245 | D:4      | Noticed an ogre
   278 | D:4      | Killed an ogre
   278 | D:4      | Reached skill level 3 in Air Magic
   278 | D:4      | Reached XP level 4. HP: 9/21 MP: 0/6
   297 | D:5      | Entered Level 5 of the Dungeon
   308 | D:6      | Noticed a hippogriff
   326 | D:6      | Reached XP level 5. HP: 10/24 MP: 0/7
   334 | D:6      | Learned a level 4 spell: Airstrike
   395 | D:6      | HP: 1/36 [worker ant (7)]
   397 | D:6      | Slain by a worker ant
   398 | D:6      | Reached XP level 4. HP: -3/31 MP: 6/6
   407 | D:6      | Noticed a sky beast
   451 | D:7      | Noticed a hippogriff
   479 | D:7      | Found a shadowy altar of Dithmenos.
   486 | D:7      | Noticed a centaur
   495 | D:6      | Reached skill level 4 in Air Magic
   545 | D:6      | Found a staircase to the Ecumenical Temple.
   555 | Temple   | Entered the Ecumenical Temple
   562 | Temple   | Became a worshipper of Cheibriados the Contemplative
   619 | D:6      | Noticed a bullfrog
   629 | D:6      | Killed a bullfrog
   629 | D:6      | Reached XP level 5. HP: 24/24 MP: 3/7
   669 | D:6      | You fall through a shaft for 3 floors!
   682 | D:9      | Mangled by a bullfrog

Vault maps used:
D:1:      dpeg_arrival_windows_large_door, serial_corexii_hall,
          corexii_hall_statues_l, corexii_hall_statues_deadend
D:2:      nicolae_overflow_crystal_walls, minitemple
D:3:      grunt_temple_overflow_lords_of_destruction, okawaru_ov_weapons_minmay
D:4:      led_sif_book, uniq_blork_the_orc
D:5:      zin_statuary, first_ration, serial_shops, kennysheep_mini
D:6:      minmay_temple_entry_overgrown, fedhas_altar_decomposition,
          uniq_menkaure
D:7:      lemuel_doored_altar
D:9:      overflow_temple_1_default, uniq_erolcha
Temple:   compressed_dpeg_circular_temple

Skill      XL: |  1  2  3  4 |
---------------+-------------+-----
Conjurations   | 1 2 |  2.7
Air Magic      | 2 3 4 |  4.7
Fighting       | |  3.0
Stealth        | |  2.6
Unarmed Combat | |  2.0
Spellcasting   | |  1.0
Hexes          | |  1.5

Action                   |  1- 3 |  4- 6 || total
-------------------------+-------+-------++-------
Melee: Unarmed           |     9 |     9 ||    18
       Bite              |     1 |     2 ||     3
       Punch             |     1 |       ||     1
 Cast: Shock             |    12 |    19 ||    31
  Use: Potion            |     4 |     2 ||     6
       Scroll            |     1 |       ||     1
 Stab: Sleeping          |     2 |     1 ||     3
  Eat: Chunk             |     3 |     3 ||     6
Armor: Skin              |       |     4 ||     4
Dodge: Dodged            |    13 |    27 ||    40

Table legend:
 A = Spawn XP
 B = Non-spawn XP
 C = Spawn XP percentage of total XP
 D = Spawn monster count
 E = Non-spawn monster count
 F = Spawn count percentage of total count
 G = Total turns spent on level
                    A         B        C        D         E        F      G
               +---------+---------+-------+---------+---------+-------+---------
         Total |       0 |     396 |   0.0 |       0 |      12 |   0.0 |   682
               +---------+---------+-------+---------+---------+-------+---------
           D:1 |       0 |       2 |   0.0 |       0 |       1 |   0.0 |    60
           D:3 |       0 |      13 |   0.0 |       0 |       4 |   0.0 |   110
           D:4 |       0 |     154 |   0.0 |       0 |       2 |   0.0 |   114
           D:5 |       0 |       2 |   0.0 |       0 |       1 |   0.0 |    49
           D:6 |       0 |     225 |   0.0 |       0 |       4 |   0.0 |   270
               +---------+---------+-------+---------+---------+-------+---------
